 Dungeon Crawl Stone Soup version 0.31-a0-1002-g8e65716e6e (webtiles) character file.

Game seed: 2836579653459505021

5247 Avanven the Grappler (level 10, -7/83 HPs)
             Began as a Troll Shapeshifter on Nov 10, 2023.
             Was an Initiate of Gozag.
             Killed from afar by an electric eel (8 damage)
             ... with a bolt of electricity
             ... on level 8 of the Dungeon.
             The game lasted 00:25:12 (7399 turns).

Avanven the Grappler (Troll Shapeshifter)           Turns: 7399, Time: 00:25:13

Health: -7/83      AC:  6    Str: 28    XL:     10   Next: 36%
Magic:  7/9        EV: 14    Int:  6    God:    Gozag
Gold:   994        SH:  0    Dex:  9    Spells: 7/9 levels left

rFire   . .          .
                       - Unarmed
rCold   . . .        (shield currently unavailable)
rNeg    . . .        a - +1 animal skin
rPois   +            (helmet restricted)
rElec   .            j - +0 cloak
rCorr   .            (gloves unavailable)
SInv    .            (boots unavailable)
Will    .....        (no amulet)
Stlth   +            m - +5 ring of evasion
HPRegen 1.13/turn    v - ring of poison resistance
MPRegen 0.11/turn

%: no passive effects
@: mighty, flux-form, gold aura, very slightly contaminated, glowing
A: glow, contaminating, large, unfitting armour, claws 3, regeneration 1, shaggy
fur 1, tough skin 1
a: Begin Untransformation, Renounce Religion, Potion Petition, Call Merchant,
Bribe Branch


You were on level 8 of the Dungeon.
You worshipped Gozag.
Gozag was pleased with you.
You were something dangerously unstable.
You visited 2 branches of the dungeon, and saw 10 of its levels.

You collected 1068 gold pieces.
You paid 74 gold pieces to Gozag.

Inventory:

Missiles
 p - 2 throwing nets
Armour
 a - a +1 animal skin (worn)
 j - a +0 cloak (worn)
 s - an orb of guile
Jewellery
 i - a ring of fire
 m - a +5 ring of evasion (left claw)
 r - an amulet of magic regeneration
 t - a ring of magical power
 v - a ring of poison resistance (right claw)
Talismans
 c - a beast talisman
 d - a flux talisman (active)
Wands
 k - a wand of acid (4)
 q - a wand of roots (19)
Scrolls
 e - 2 scrolls of enchant armour
 h - 4 scrolls of identify
 l - a scroll of amnesia
 o - a scroll of brand weapon
 u - a scroll of enchant weapon
 y - a scroll of summoning
Potions
 b - a potion of lignification
 g - 2 potions of mutation
 n - a potion of invisibility


   Skills:
 - Level 0.7 Fighting
 - Level 1.5 Dodging
 * Level 12.8 Unarmed Combat
 + Level 8.9 Shapeshifting


You had 7 spell levels left.
You knew the following spells:

 Your Spells              Type           Power      Damage    Failure   Level
a - Blink                 Tloc           0%         N/A       58%         2

Your spell library contained the following spells:

 Spells                   Type           Power      Damage    Failure   Level
 Tukima's Dance           Hex            0%         N/A       83%         3
 Animate Armour           Summ/Erth      0%         N/A       99%         4
 Dimensional Bullseye     Hex/Tloc       0%         N/A       99%         4
 Iskenderun's Mystic Bla  Conj/Tloc      0%         2d3       99%         4
 Manifold Assault         Tloc           0%         N/A       99%         4
 Summon Lightning Spire   Summ/Air       0%         N/A       99%         4
 Vhi's Electric Charge    Tloc/Air       0%         N/A       99%         4
 Arcjolt                  Conj/Air       0%         1d10      100%        5
 Lee's Rapid Deconstruct  Erth           0%         3d4*      100%        5
 Plasma Beam              Fire/Air       0%         2x1d10    100%        6


Dungeon Overview and Level Annotations

Branches:
Dungeon (9/15)             Temple (1/1) D:4            Lair (0/5) D:8
    Orc: D:9-12

Altars:
Cheibriados
Dithmenos
Elyvilon
Fedhas
Gozag
Hepliaklqana
Kikubaaqudgha
Makhleb
Nemelex Xobeh
Ru
Sif Muna
Trog
Uskayaw
Vehumet
Wu Jian
Yredelemnul
Zin
The Shining One

Shops:
D:6 [

Annotations:
D:4 2 transporters, dertzug's ghost, amateur TrSh
D:8 2 exclusions
D:9 Psyche


Innate Abilities, Weirdness & Mutations

You are something dangerously unstable.
You glow with magical radiation, making you easy to see and hit.
Foes you strike become dangerously contaminated with magical radiation.
You are incapable of wielding weapons or throwing items.
You are too large for most types of armour.
You have claws for hands.
Your natural rate of healing is unusually fast.
You are covered in fur. (AC +1)
You have tough skin. (AC +1)


Message History

The wyvern is heavily wounded.
The wyvern closely misses you. Something hits you!
You are electrocuted!!
Deactivating autopickup; reactivate with Ctrl-A.
You claw the wyvern!
You kill the wyvern!
Something hits you. Something hits you. Space warps horribly around you!!
* * * LOW HITPOINT WARNING * * *
You see here 10 gold pieces.
Okay, then.
You feel better. Something hits you.
* * * LOW HITPOINT WARNING * * *
As you read the scroll of teleportation, it crumbles to dust.
You feel strangely unstable. Something barely misses you. Something hits you.
* * * LOW HITPOINT WARNING * * *
Okay, then.
Your surroundings suddenly seem different.
Splash!
You fall into the shallow water. 2 electric eels come into view.
Found a staircase to the Lair.
The electric eel shoots out a bolt of lightning at you!
The bolt of electricity hits you!
* * * LOW HITPOINT WARNING * * *
Okay, then.
Casting: Blink (dangerous; 58% risk of failure)
Confirm with . or Enter, or press ? or * to list all spells.
You miscast Blink.
You are very lightly contaminated with residual magic.
Nothing appears to happen.
The electric eel shoots out a bolt of lightning at you!
The bolt of electricity hits the electric eel.
The electric eel completely resists.
The bolt of electricity misses you.
The electric eel shoots out a bolt of lightning at you!
The bolt of electricity hits you!
* * * LOW HITPOINT WARNING * * *
The electric eel shoots out a bolt of lightning at you!
The bolt of electricity hits you!
You die...
Your body crumbles into a pile of gold.

..# #.#.#####.#####.#
### #.#.# #)#####.####
#.#.#####...........
#....<.....~....~.~.
###.........~~~.~.~.
#..#####..~~≈≈~~~. #..#
#...≈≈≈≈~.~
######..#####~.≈~≈≈≈≈≈S
#...........#~≈p~S≈~S~≈
##.####.)###..≈≈≈≈~.~.~.
...###..)#####~≈≈≈≈≈....
#####....)####≈≈≈S≈≈.>.~
##........≈≈≈≈≈.....
##.######~≈≈≈~~$.S. #.#
#.~~≈~.~... #.#
#..≈≈~≈~..~ #. ##'##
zz~≈≈≈~.~≈≈~...#.


You could see 5 electric eels.

Vanquished Creatures
  Jeremiah (D:8)
  A troll (D:8)
  2 hornets
  Prince Ribbit (D:8)
  3 wyverns (D:8)
  4 steam dragons
  Menkaure (D:7)
  An acid dragon (D:9)
  A water moccasin (D:5)
  An orc warrior (D:6)
  4 ogres
  2 centaurs
  A wolf (D:8)
  A bullfrog (D:8)
  A gnoll sergeant (D:7)
  3 scorpions
  11 wights (D:8)
  6 killer bees (D:6)
  The ghost of kskgo the Gusty, a weakling DgAE (D:3)
  4 howler monkeys
  A gnoll bouda (D:7)
  An orc priest (D:7)
  5 hounds
  2 sleepcaps
  Jessica (D:3)
  6 iguanas
  Ijyb (D:3)
  2 orc wizards
  Natasha (twice) (D:3)
  16 gnolls
  7 adders
  A shadow imp (D:5)
  4 white imps
  2 ufetubi (D:5)
  A worm (D:2)
  3 adder simulacra (D:3)
  22 orcs
  9 ball pythons
  5 bats
  4 endoplasms
  3 giant cockroaches (D:1)
  10 goblins
  7 hobgoblins
  6 jackals
  2 quokkas (D:1)
  A ball python simulacrum (D:3)
  3 frilled lizards
  5 kobolds
  10 rats
192 creatures vanquished.

Vanquished Creatures (others)
  3 orcs (D:6)
3 creatures vanquished.

Grand Total: 195 creatures vanquished

Notes
Turn   | Place    | Note
-------+----------+-------------------------------------------
     0 | D:1      | Avanven the Troll Shapeshifter began the quest for the Orb.
     0 | D:1      | Reached XP level 1. HP: 18/18 MP: 0/0
    70 | D:1      | Reached XP level 2. HP: 26/26 MP: 1/1
   505 | D:1      | Found a faded altar of an unknown god.
   941 | D:2      | Reached XP level 3. HP: 30/32 MP: 2/2
  1142 | D:2      | Reached skill level 4 in Unarmed Combat
  1687 | D:2      | Reached XP level 4. HP: 40/40 MP: 3/3
  1918 | D:3      | Found a runed translucent gate.
  1920 | D:3      | Found a runed translucent gate.
  1924 | D:3      | Found a runed translucent gate.
  2002 | D:3      | Noticed Jessica
  2003 | D:3      | Noticed Ijyb
  2010 | D:3      | Killed Jessica
  2011 | D:3      | Reached skill level 5 in Unarmed Combat
  2011 | D:3      | Reached XP level 5. HP: 33/46 MP: 4/4
  2021 | D:3      | Killed Ijyb
  2068 | D:3      | Noticed Natasha
  2075 | D:3      | Killed Natasha
  2158 | D:3      | Noticed Natasha
  2169 | D:3      | Killed Natasha
  2170 | D:3      | Reached XP level 6. HP: 50/54 MP: 5/5
  2383 | D:3      | Noticed kskgo's ghost (weakling DgAE)
  2431 | D:3      | Killed kskgo's ghost
  2432 | D:3      | Reached skill level 6 in Unarmed Combat
  2810 | D:4      | Found a transporter.
  2810 | D:4      | Noticed dertzug's ghost (amateur TrSh)
  2830 | D:4      | Found a transporter.
  2834 | D:4      | Found a staircase to the Ecumenical Temple.
  2868 | Temple   | Entered the Ecumenical Temple
  2917 | Temple   | Became a worshipper of Gozag Ym Sagoz the Greedy
  2974 | D:4      | Reached skill level 7 in Unarmed Combat
  2974 | D:4      | Reached skill level 5 in Shapeshifting
  2974 | D:4      | Reached XP level 7. HP: 45/61 MP: 6/6
  3215 | D:5      | Entered Level 5 of the Dungeon
  3621 | D:5      | Reached skill level 8 in Unarmed Combat
  4124 | D:6      | Reached XP level 8. HP: 68/68 MP: 7/7
  4257 | D:6      | Reached skill level 9 in Unarmed Combat
  4505 | D:6      | Found Cor Jeink's Antique Armour Shoppe.
  4595 | D:6      | Learned a level 2 spell: Blink
  5097 | D:7      | Reached skill level 10 in Unarmed Combat
  5317 | D:7      | Reached XP level 9. HP: 75/75 MP: 8/8
  5527 | D:7      | Noticed Menkaure
  5531 | D:7      | Killed Menkaure
  5966 | D:8      | Noticed Prince Ribbit
  5976 | D:8      | Killed Prince Ribbit
  6151 | D:8      | Reached skill level 11 in Unarmed Combat
  6166 | D:8      | Noticed Jeremiah
  6233 | D:8      | Killed Jeremiah
  6363 | D:8      | Noticed a troll
  6381 | D:8      | Killed a troll
  6663 | D:8      | Reached skill level 12 in Unarmed Combat
  6676 | D:8      | Reached XP level 10. HP: 64/83 MP: 9/9
  7388 | D:9      | Noticed Psyche
  7398 | D:8      | Found a staircase to the Lair.
  7399 | D:8      | HP: 1/83 [electric eel/bolt of electricity (8)]
  7399 | D:8      | Killed from afar by an electric eel

Illustrated notes

Levels and vault maps discovered:
D:1:      dpeg_arrival_round_a, layout_basic, hellmonk_ecumenical_altar_lost_god
D:2:      layout_loops_corners
D:3:      kennysheep_the_goblin_king, layout_rooms, gammafunk_ghost_icy,
          due_unseen_surprise, uniq_jessica, uniq_natasha
D:4:      layout_rooms, minmay_temple_entry_mist, gammafunk_ghost_smash,
          minivault_11, hangedman_abyss_or_decor_stagger
D:5:      layout_basic
D:6:      layout_basic, serial_shops, shop, st_stairs_11
D:7:      hellmonk_ruined_rings, layout_gridville, minmay_misc_feat_nine_boxes,
          uniq_menkaure
D:8:      layout_loops_corners, erik_lair_island, uniq_prince_ribbit1,
          uniq_jeremiah
D:9:      layout_irregular_city, nicolae_qazlal_scattered_showers,
          lemuel_round_altar, uniq_psyche, uniq_erica, uniq_maggie, uniq_grum
Temple:   hc_temple_tempest_star

Skill      XL: |  1  2  3  4  5  6  7  8  9 |
---------------+----------------------------+-----
Unarmed Combat | 4 5 7 8 10 12 | 12.8
Shapeshifting  | 4 5 7 8 |  8.9
Fighting       | |  0.7
Dodging        | |  1.5

Action                     |  1- 3 |  4- 6 |  7- 9 | 10-12 || total
---------------------------+-------+-------+-------+-------++-------
  Melee: Unarmed           |   101 |   164 |   257 |    75 ||   597
         Punch             |     2 |     1 |     7 |       ||    10
Ability: Begin Untransform |     1 |       |       |       ||     1
  Evoke: Wand              |       |       |     4 |       ||     4
    Use: Scroll            |       |     8 |     7 |     3 ||    18
         Potion            |       |       |     4 |     1 ||     5
   Stab: Sleeping          |     1 |     1 |       |       ||     2
         Distracted        |       |       |       |     1 ||     1
 Armour: Animal skin       |    58 |   103 |   162 |    57 ||   380
         Skin              |       |       |     2 |       ||     2
  Dodge: Dodged            |    43 |    58 |   186 |    40 ||   327
   Form: Beast             |       |       |     1 |       ||     1
         Flux              |       |       |     1 |       ||     1

Table legend: (Time is in decaauts)
 A = Elapsed time spent in this place.
 B = Non-inter-level travel time spent in this place.
 C = Inter-level travel time spent in this place.
 D = Time resting spent in this place.
 E = Time spent auto-exploring this place.
 F = Levels seen in this place.
 G = Mean time per level.
                   A        B        C        D        E       F      G
               +--------+--------+--------+--------+--------+-----+--------+
         Total |   7316 |   7063 |    253 |    224 |   4619 |  10 |  731.6 |
       Dungeon |   7250 |   6997 |    253 |    224 |   4619 |   9 |  805.6 |
        Temple |     65 |     65 |      0 |      0 |      0 |   1 |   65.0 |
               +--------+--------+--------+--------+--------+-----+--------+

Top non-repeatable levels by time:
     D:8: 1394 daAuts
     D:6: 1021 daAuts
     D:2: 924 daAuts
     D:5: 891 daAuts
     D:1: 861 daAuts
     D:7: 804 daAuts
     D:3: 756 daAuts
     D:4: 581 daAuts
  Temple: 65 daAuts
     D:9: 14 daAuts
